Map: Catalyst LE

Players

TRUE - Winner!

  • Race: Zerg Zerg
  • Spawn Location: 5:00

Creator

  • Race: Protoss Protoss
  • Spawn Location: 11:00

Event: IEM Season 12 - Katowice

VOD

Have the link to the VOD?

Description

Time

  • Played on: Feb. 26, 2018, 1:29 p.m.
  • Length: 11:41

All games in this series

Show
View Real Time Build Order
Export as new Build Order

TRUE Zerg - Winner!

Build Orders: 3 Hatch before Pool 

Get SALT Encoding   

  12  0:00  Drone  
  13  0:07  Drone  
  13  0:14  Drone, Extractor  
  15  0:22  Overlord  
  15  0:46  Hatchery  
  15  0:48  Drone  
  15  0:53  Drone  
  16  1:17  Hatchery  
  15  1:19  Drone  
  15  1:23  Drone  
  17  1:38  Spawning Pool  
  16  1:41  Drone  
  16  1:44  Extractor  
  16  1:46  Drone  
  17  1:50  Drone  
  18  1:55  Drone  
  18  1:58  Evolution Chamber  
  18  1:59  Drone  
  21  2:13  Drone  
  21  2:14  Drone  
  23  2:16  Drone  
  24  2:24  Queen  
  24  2:25  Zergling x2  
  24  2:26  Overlord  
  24  2:27  Queen  
  24  2:28  Extractor  
  28  2:41  Zergling x2  
  28  2:45  Metabolic Boost  
  28  2:49  Zergling x2  
  28  2:50  Drone x2  
  32  2:51  Drone  
  32  2:57  Drone  
  33  3:02  Drone  
  34  3:07  Overlord  
  34  3:14  Drone  
  34  3:18  Drone  
  36  3:26  Hatchery  
  35  3:31  Drone x2  
  34  3:35  Spore Crawler  
  34  3:36  Drone x2  
  34  3:37  Drone x2  
  37  3:41  Queen  
  37  3:48  Queen  
  40  3:52  Overlord  
  42  3:57  Drone x2  
  42  4:02  Overlord  
  44  4:06  Overlord  
  44  4:08  Overlord  
  44  4:19  Spore Crawler, Queen  
  44  4:22  Drone, Evolution Chamber  
  45  4:24  Spore Crawler  
  45  4:26  Drone  
  45  4:27  Drone  
  45  4:29  Drone  
  47  4:31  Drone  
  47  4:34  Drone x2  
  47  4:36  Drone  
  51  4:41  Queen  
  53  4:48  Zerg Melee Weapons Level 1  
  53  4:50  Drone x2  
  53  4:51  Drone  
  56  4:54  Drone x2  
  56  4:57  Drone  
  56  4:58  Drone  
  60  5:00  Drone x2  
  60  5:05  Spore Crawler  
  61  5:08  Drone x2  
  61  5:09  Drone x2  
  61  5:12  Overlord  
  65  5:26  Zergling x2  
  66  5:29  Overlord  
  66  5:31  Zergling x10  
  66  5:32  Zergling x2  
  66  5:35  Overlord  
  72  5:37  Zergling x2  
  72  5:38  Zergling x2  
  72  5:40  Hatchery  
  72  5:41  Zergling x2  
  74  5:48  Overlord  
  74  5:49  Zergling x2  
  74  5:50  Zergling x10  
  74  5:53  Zergling x4  
  74  5:55  Zergling x2  
  74  5:56  Zergling x4  
  84  6:00  Lair  
  84  6:02  Zergling x4  
  84  6:04  Drone  
  87  6:07  Extractor  
  87  6:10  Drone  
  87  6:15  Drone x2  
  87  6:16  Drone x6  
  93  6:27  Drone  
  93  6:28  Baneling Nest  
  93  6:30  Extractor  
  93  6:31  Zergling x6  
  93  6:32  Zergling x2  
  96  6:33  Extractor  
  96  6:34  Zergling x2  
  96  6:36  Zergling x2  
  96  6:37  Overlord  
  96  6:46  Spore Crawler  
  93  6:47  Queen  
  93  6:48  Spore Crawler  
  93  6:49  Spore Crawler  
  93  6:50  Queen  
  93  6:51  Spore Crawler  
  93  6:52  Spore Crawler  
  93  6:53  Spore Crawler  
  92  6:56  Spore Crawler  
  92  7:01  Zergling x14  
  92  7:02  Zergling x8  
  92  7:05  Spore Crawler  
  92  7:07  Spore Crawler  
  97  7:13  Zergling x10  
  97  7:14  Zergling x4  
  97  7:18  Zergling x2  
  94  7:23  Baneling x8  
  94  7:25  Zergling x6  
  94  7:29  Drone  
  92  7:30  Drone  
  89  7:45  Drone x2  
  83  7:53  Drone x9  
  84  8:05  Spire  
  71  8:07  Zergling x12  
  71  8:09  Zergling x2  
  71  8:12  Zergling x2  
  78  8:13  Extractor  
  78  8:18  Drone  
  78  8:19  Drone x3  
  80  8:20  Zergling x2  
  80  8:27  Drone  
  81  8:28  Drone  
  81  8:30  Extractor  
  81  8:31  Zergling x6  
  81  8:32  Zergling x2  
  81  8:33  Zergling x2  
  84  8:39  Zergling x10  
  88  8:43  Zergling x6  
  88  8:44  Drone x2  
  88  8:46  Zergling x2  
  91  8:55  Drone  
  91  9:04  Overlord  
  91  9:06  Spore Crawler, Drone  
  91  9:09  Extractor  
  89  9:17  Mutalisk x7  
  89  9:18  Overlord x2  
  89  9:19  Overlord x2  
  89  9:23  Mutalisk x2  
  89  9:24  Mutalisk  
  109  9:32  Mutalisk  
  109  9:35  Mutalisk  
  110  9:43  Mutalisk  
  106  9:47  Drone x7  
  106  9:49  Drone x3, Mutalisk  
  106  9:52  Extractor  
  116  9:53  Overlord  
  116  9:54  Zergling x4  
  118  10:00  Mutalisk  
  118  10:02  Zergling x2  
  118  10:05  Mutalisk  
  118  10:06  Mutalisk  
  121  10:10  Hatchery  
  121  10:11  Mutalisk  
  121  10:17  Mutalisk  
  121  10:29  Mutalisk x2  
  121  10:30  Zergling x2  
  121  10:31  Zergling x10  
  121  10:35  Mutalisk  
  131  10:42  Mutalisk  
  135  10:44  Spine Crawler x2  
  135  10:45  Spine Crawler  
  135  10:46  Spine Crawler  
  135  10:47  Mutalisk  
  133  10:55  Mutalisk  
  134  10:59  Mutalisk  
  136  11:04  Zergling x2  
  136  11:05  Zergling x20  
  136  11:07  Mutalisk  
  145  11:11  Mutalisk  
  145  11:17  Mutalisk  
  143  11:24  Zergling x4  
  143  11:25  Drone x3  
  144  11:28  Drone  
Show
View Real Time Build Order
Export as new Build Order

Creator Protoss 

Build Orders: Oracle Opening, Phoenix Opening 

Get SALT Encoding   

  12  0:01  Probe  
  13  0:13  Probe  
  14  0:20  Pylon  
  14  0:25  Probe  
  15  0:38  Probe (Chrono Boost)  
  16  0:42  Gateway  
  16  0:48  Probe (Chrono Boost), Assimilator  
  17  0:53  Probe (Chrono Boost)  
  18  1:05  Probe  
  19  1:17  Probe  
  20  1:27  Zealot (Chrono Boost)  
  20  1:29  Probe  
  20  1:32  Pylon  
  23  1:35  Cybernetics Core  
  23  1:50  Probe  
  26  2:11  Adept (Chrono Boost)  
  26  2:14  Nexus  
  26  2:20  Assimilator  
  26  2:29  Adept  
  26  2:36  Pylon  
  28  2:41  Probe  
  29  2:47  Stargate  
  29  2:54  Probe  
  30  3:00  Adept  
  30  3:02  Warp Gate  
  32  3:06  Probe  
  33  3:18  Probe  
  34  3:29  Adept  
  34  3:30  Probe  
  34  3:31  Phoenix (Chrono Boost)  
  37  3:40  Probe (Chrono Boost)  
  36  3:48  Probe (Chrono Boost)  
  37  3:50  Oracle  
  37  3:51  Gateway  
  37  3:54  Probe (Chrono Boost)  
  42  3:56  Probe (Chrono Boost)  
  42  4:03  Probe  
  42  4:06  Pylon  
  42  4:08  Probe (Chrono Boost)  
  44  4:13  Adept  
  44  4:15  Probe (Chrono Boost)  
  44  4:16  Assimilator  
  48  4:25  Probe (Chrono Boost), Pylon  
  48  4:26  Probe (Chrono Boost)  
  48  4:31  Probe x2 (Chrono Boost), Oracle  
  54  4:41  Assimilator  
  54  4:42  Probe  
  54  4:43  Probe  
  56  4:48  Pylon  
  56  4:52  Stargate  
  56  4:54  Probe  
  56  4:55  Probe  
  56  4:59  Pylon  
  58  5:06  Probe  
  59  5:07  Probe  
  59  5:10  Oracle (Chrono Boost)  
  59  5:12  Pylon  
  63  5:18  Probe  
  63  5:20  Probe  
  65  5:34  Oracle (Chrono Boost), Nexus  
  65  5:35  Pylon  
  68  5:45  Oracle (Chrono Boost)  
  70  5:53  Zealot x2  
  74  5:57  Pylon  
  77  6:07  Shield Battery  
  77  6:10  Oracle (Chrono Boost)  
  77  6:11  Oracle (Chrono Boost)  
  77  6:13  Adept  
  77  6:14  Adept  
  77  6:15  Pylon  
  84  6:23  Shield Battery  
  84  6:25  Probe x2  
  86  6:27  Forge  
  86  6:36  Zealot  
  86  6:37  Adept  
  93  6:42  Oracle (Chrono Boost)  
  93  6:46  Probe  
  93  6:47  Probe x2  
  95  6:51  Robotics Facility  
  95  6:53  Robotics Facility  
  95  6:57  Sentry  
  95  6:58  Zealot  
  99  7:10  Oracle, Photon Cannon  
  96  7:18  Adept  
  95  7:36  Gateway x2  
  92  7:38  Immortal (Chrono Boost)  
  92  7:42  Probe x2  
  92  7:43  Probe, Sentry  
  101  7:45  Photon Cannon  
  101  7:49  Protoss Ground Weapons Level 1  
  93  7:52  Photon Cannon  
  93  7:55  Probe x3  
  77  8:10  Pylon  
  76  8:22  Immortal x2  
  84  8:32  Probe x3 (Chrono Boost)  
  82  8:47  Probe x2 (Chrono Boost)  
  82  8:48  Probe (Chrono Boost)  
  85  8:56  Twilight Council  
  85  8:57  Assimilator  
  85  8:59  Probe x2 (Chrono Boost)  
  85  9:00  Probe (Chrono Boost), Zealot x2, Sentry  
  85  9:02  Assimilator  
  94  9:04  Pylon  
  94  9:05  Probe (Chrono Boost)  
  94  9:06  Probe x2 (Chrono Boost)  
  97  9:23  Probe (Chrono Boost)  
  100  9:24  Probe (Chrono Boost)  
  100  9:28  Probe (Chrono Boost)  
  100  9:30  Twilight Council  
  100  9:33  Probe (Chrono Boost), Zealot  
  100  9:34  Probe (Chrono Boost), Zealot x2  
  105  9:39  Probe (Chrono Boost)  
  105  9:40  Probe (Chrono Boost)  
  105  9:41  Probe (Chrono Boost)  
  108  9:52  Probe (Chrono Boost)  
  110  9:54  Probe (Chrono Boost), Robotics Bay  
  111  10:00  Probe (Chrono Boost)  
  111  10:05  Probe (Chrono Boost)  
  118  10:12  Phoenix (Chrono Boost)  
  120  10:20  Stargate  
  120  10:21  Stargate, Stalker x3  
  99  10:41  Gateway  
  99  10:46  Stalker x3  
  94  11:05  Phoenix (Chrono Boost)  
  91  11:15  Phoenix (Chrono Boost)  
  42  11:27  Pylon  

Tags
 
Add a new tag
Caveats
  • Supply blocks, unpowered buildings, or Contaminate may cause inaccurate times.
  • Supply counts are checked every 10 seconds.